 Dungeon Crawl Stone Soup version 0.23.2-1-ga50397a (webtiles) character file.

Game seed: 13086772383262642598

3448 funkygono the Destroyer (level 9, 0/71 HPs)
             Began as a Green Draconian Conjurer on May 29, 2019.
             Was a Believer of Vehumet.
             Slain by a four-headed hydra (3 damage)
             ... on level 8 of the Dungeon on May 30, 2019.
             The game lasted 00:25:22 (10181 turns).

funkygono the Destroyer (Green Draconian Conjurer) Turns: 10181, Time: 00:25:24

Health: 0/71       AC:  8    Str: 10    XL:     9   Next: 77%
Magic:  11/18      EV: 14    Int: 18    God:    Vehumet [**....]
Gold:   458        SH:  0    Dex: 13    Spells: 12/20 levels left

rFire    . . .     SeeInvis .   n - +1 whip (venom)
rCold    + . .     Gourm    .   (no shield)
rNeg     . . .     Faith    +   (armour unavailable)
rPois    +         Spirit   .   (helmet restricted)
rElec    .         Reflect  .   (no cloak)
rCorr    .         Harm     .   (no gloves)
MR       .....                  c - +0 pair of boots
Stlth    ++........             u - amulet of faith
HPRegen  0.21/turn              i - ring of ice
MPRegen  0.16/turn              p - ring of protection from fire

@: lightly drained
A: breathe noxious fumes, unfitting armour, poison resistance, cold-blooded, AC
+7
a: Breathe Noxious Fumes, Renounce Religion


You were on level 8 of the Dungeon.
You worshipped Vehumet.
Vehumet was pleased with you.
You were not hungry.

You visited 2 branches of the dungeon, and saw 9 of its levels.

You collected 458 gold pieces.

Inventory:

Hand Weapons
 a - a +0 morningstar
 n - a +1 whip of venom (weapon)
Missiles
 f - 182 stones (quivered)
Armour
 c - a +0 pair of boots (worn)
Jewellery
 i - a ring of ice (left hand)
 p - a ring of protection from fire (right hand)
 q - an uncursed amulet of magic regeneration
 u - an amulet of faith (around neck)
Wands
 v - a wand of iceblast (10)
Scrolls
 e - 5 scrolls of remove curse
 g - 2 scrolls of identify
 h - 3 scrolls of fog
 k - 3 scrolls of teleportation
 t - a scroll of magic mapping
Potions
 j - a potion of agility
 l - a potion of curing
 m - a potion of mutation
 o - a potion of berserk rage
 r - a potion of resistance
 s - a potion of flight {unknown}
Comestibles
 b - 10 rations
 d - 2 chunks of flesh


   Skills:
 + Level 3.6(3.2) Fighting
 + Level 5.3(4.9) Maces & Flails
 + Level 5.5(5.1) Dodging
 + Level 3.5(3.1) Stealth
 + Level 6.4(6.0) Spellcasting
 + Level 8.4(8.0) Conjurations
 + Level 2.1(1.7) Hexes
 + Level 0.3(0.0) Ice Magic


You had 12 spell levels left.
You knew the following spells:

 Your Spells              Type           Power        Failure   Level  Hunger
a - Magic Dart            Conj           ####         1%          1    None
b - Searing Ray           Conj           ####..       1%          2    None
c - Dazzling Spray        Conj/Hex       ###...       4%          3    ##.....
d - Throw Frost           Conj/Ice       ####..       3%          2    None

Your spell library contained the following spells:

 Spells                   Type           Power        Failure   Level  Hunger
 Iskenderun's Mystic Bla  Conj           ####....     4%          4    ####...
 Fulminant Prism          Conj/Hex       ###.......   16%         4    ####...
 Force Lance              Conj/Tloc      ###.....     22%         4    ####...


Dungeon Overview and Level Annotations

Branches:
Dungeon (8/15)             Temple (1/1) D:5            Lair (0/6) D:8

Altars:
Ashenzari
Cheibriados
Dithmenos
Elyvilon
Fedhas
Gozag
Hepliaklqana
Kikubaaqudgha
Makhleb
Nemelex Xobeh
Okawaru
Qazlal
Ru
Sif Muna
Trog
Uskayaw
Vehumet
Wu Jian
Xom
Yredelemnul
Zin
The Shining One

Shops:
D:6 %   D:8 (


Innate Abilities, Weirdness & Mutations

You can breathe blasts of noxious fumes.
Your lurid green scales are hard. (AC +7)
You cannot fit into any form of body armour.
Your system is resistant to poisons. (rPois)
You are cold-blooded and may be slowed by cold attacks.


Message History

Casting: Throw Frost (safe; 3% risk of failure)
Confirm with . or Enter, or press ? or * to list all spells.
Aiming: Throw Frost (safe; 3% risk of failure)
Press: ? - help, Shift-Dir - straight line, f/p - four-headed hydra
Aim: a four-headed hydra (heavily wounded)
You feel a surge of power!
The puff of frost hits the four-headed hydra.
The four-headed hydra is heavily wounded.
The four-headed hydra bites you! x3
* * * LOW HITPOINT WARNING * * *
The four-headed hydra completely misses you.
You see here 25 stones.
You feel better.
The four-headed hydra closely misses you.
The four-headed hydra bites you!
* * * LOW HITPOINT WARNING * * *
The four-headed hydra bites you!
* * * LOW HITPOINT WARNING * * *
The four-headed hydra bites you.
You die...

.# ###.#####
.#
#.##########
##
#..........#
##########.#
#.# #.# #.#
#.# #@# #D#
#.# #.# #.#
#(######.#
#.........
##########


You could see a four-headed hydra.

Vanquished Creatures
  4 hippogriffs (D:8)
  Menkaure (D:4)
  A water moccasin (D:6)
  An orc warrior (D:7)
  A phantom (D:7)
  3 centaurs
  Blork the orc (D:6)
  2 bullfrogs
  2 jellies
  4 scorpions
  5 wights (D:8)
  A howler monkey (D:8)
  3 crimson imps
  A bullfrog zombie (D:7)
  8 hounds
  6 orc wizards
  An orc priest (D:5)
  A centaur skeleton (D:5)
  A gnoll shaman (D:5)
  2 bullfrog skeletons
  2 iguanas
  10 worker ants
  A hound skeleton (D:4)
  12 gnolls
  15 adders
  An ooze (D:1)
  4 worms
  3 dart slugs
  4 leopard geckos
  20 orcs
  3 giant cockroaches
  11 goblins
  6 hobgoblins
  3 jackals (D:1)
  5 quokkas
  2 ball pythons (D:1)
  13 bats
  7 frilled lizards
  8 kobolds
  2 leopard gecko skeletons
  2 quokka skeletons
  8 rats
191 creatures vanquished.

Notes
Turn   | Place    | Note
-------+----------+-------------------------------------------
     0 | D:1      | funkygono the Draconian Conjurer began the quest for the
                  | Orb.
     0 | D:1      | Reached XP level 1. HP: 14/14 MP: 3/3
   360 | D:1      | Reached XP level 2. HP: 20/20 MP: 0/5
   534 | D:1      | Learned a level 2 spell: Searing Ray
  1021 | D:1      | Reached XP level 3. HP: 25/26 MP: 1/6
  1669 | D:2      | Learned a level 3 spell: Dazzling Spray
  2203 | D:2      | Reached XP level 4. HP: 33/33 MP: 1/7
  3156 | D:3      | Reached skill level 1 in Maces & Flails
  3650 | D:3      | Reached XP level 5. HP: 38/38 MP: 3/9
  4423 | D:4      | Reached skill level 5 in Conjurations
  4432 | D:4      | Reached skill level 1 in Fighting
  4432 | D:4      | Reached XP level 6. HP: 46/47 MP: 0/10
  4548 | D:4      | Found a stormy altar of Qazlal.
  4551 | D:4      | Noticed a fire elemental
  4552 | D:4      | Noticed a water elemental
  4552 | D:4      | Noticed an air elemental
  4852 | D:4      | Noticed Menkaure
  4859 | D:4      | Killed Menkaure
  5459 | D:5      | Entered Level 5 of the Dungeon
  5470 | D:5      | Your scales start taking on a lurid green colour.
  5470 | D:5      | Reached XP level 7. HP: 49/52 MP: 3/12
  5470 | D:5      | Gained mutation: Your system is resistant to poisons.
                  | (rPois) [Green Draconian growth]
  5982 | D:5      | Reached skill level 6 in Conjurations
  6019 | D:5      | Found a staircase to the Ecumenical Temple.
  6026 | Temple   | Entered the Ecumenical Temple
  6051 | Temple   | Became a worshipper of Vehumet
  6609 | D:5      | Reached XP level 8. HP: 44/61 MP: 6/14
  6935 | D:6      | Noticed Blork the orc
  6948 | D:6      | Killed Blork the orc
  7146 | D:6      | Reached skill level 5 in Spellcasting
  7172 | D:6      | Found Muenuo's Food Shoppe.
  7199 | D:6      | Reached skill level 7 in Conjurations
  7641 | D:6      | Reached * piety under Vehumet
  7641 | D:6      | Offered knowledge of Shock by Vehumet.
  8386 | D:7      | Reached skill level 1 in Hexes
  8790 | D:7      | Reached XP level 9. HP: 68/68 MP: 13/17
  9025 | D:8      | Reached ** piety under Vehumet
  9036 | D:8      | Offered knowledge of Throw Frost by Vehumet.
  9241 | D:7      | Reached skill level 5 in Dodging
  9245 | D:7      | Learned a level 2 spell: Throw Frost
  9433 | D:8      | Reached skill level 5 in Maces & Flails
  9489 | D:8      | Reached skill level 8 in Conjurations
  9521 | D:8      | Found a staircase to the Lair.
  9547 | D:8      | Found Wuobawuy's Antique Weapon Shop.
  9571 | D:8      | Found a blossoming altar of Fedhas.
 10167 | D:8      | Noticed a four-headed hydra
 10181 | D:8      | HP: 3/71 [four-headed hydra (14)]
 10181 | D:8      | Slain by a four-headed hydra

Skill      XL: |  1  2  3  4  5  6  7  8  9 |
---------------+----------------------------+-----
Dodging        | 2 3 4 5 |  5.5
Stealth        | 2 3 |  3.5
Maces & Flails | 1 2 3 4 5 |  5.3
Conjurations   | 5 6 7 8 |  8.4
Fighting       | 1 2 3 |  3.6
Spellcasting   | 3 4 5 6 |  6.4
Hexes          | 1 2 |  2.1
Ice Magic      | |  0.3

Action                   |  1- 3 |  4- 6 |  7- 9 || total
-------------------------+-------+-------+-------++-------
Melee: Unarmed           |     9 |       |       ||     9
       Club              |    30 |    12 |       ||    42
       Tailslap          |     5 |     2 |    25 ||    32
       Morningstar       |       |    21 |     5 ||    26
       Whip              |       |       |   218 ||   218
 Cast: Magic Dart        |    93 |    78 |   223 ||   394
       Searing Ray       |     1 |    16 |    18 ||    35
       Dazzling Spray    |       |     1 |    28 ||    29
       Throw Frost       |       |       |    15 ||    15
 Abil: Breathe Noxious F |       |       |     6 ||     6
  Use: Scroll            |     4 |     6 |     4 ||    14
       Potion            |       |       |     2 ||     2
 Stab: Confused          |       |       |     3 ||     3
  Eat: Chunk             |     5 |     9 |    17 ||    31
       Ration            |       |     1 |       ||     1
Armor: Skin              |    27 |    26 |    70 ||   123
Dodge: Dodged            |    31 |    54 |   211 ||   296
